 Dungeon Crawl Stone Soup version 0.22.1-1-ga44c0e56f4 (webtiles) character file.

61 Nixze the Magician (level 3, -5/19 HPs)
             Began as a Deep Elf Ice Elementalist on Nov 1, 2018.
             Was an Initiate of Vehumet.
             Killed by divine providence
             ... invoked by an orc priest
              (13 damage)
             ... on level 3 of the Dungeon.
             The game lasted 00:05:46 (2483 turns).

Nixze the Magician (Deep Elf Ice Elementalist)      Turns: 2483, Time: 00:05:46

Health: -5/19      AC:  4    Str:  5    XL:     3   Next: 83%
Magic:  9/10       EV: 13    Int: 20    God:    Vehumet [......]
Gold:   122        SH:  0    Dex: 15    Spells: 4/10 levels left

rFire    . . .     SeeInvis .   m - +0 whip
rCold    . . .     Gourm    .   (no shield)
rNeg     . . .     Faith    .   a - +0 robe
rPois    .         Spirit   .   l - +0 helmet
rElec    .         Reflect  .   (no cloak)
rCorr    .         Harm     .   k - +0 pair of gloves
MR       .....                  (no boots)
Stlth    ++........             (no amulet)
HPRegen  0.06/turn              (no ring)
MPRegen  0.12/turn              (no ring)

@: no status effects
A: no striking features
a: Renounce Religion


You were on level 3 of the Dungeon.
You worshipped Vehumet.
Vehumet was noncommittal.
You were not hungry.

You visited 1 branch of the dungeon, and saw 3 of its levels.

You collected 122 gold pieces.

Inventory:

Hand Weapons
 m - a +0 whip (weapon)
Armour
 a - a +0 robe (worn)
 k - a +0 pair of gloves (worn)
 l - a +0 helmet (worn)
Jewellery
 g - an uncursed ring of fire
Wands
 p - a wand of enslavement (19)
Scrolls
 b - 2 scrolls of identify {unknown}
 e - 3 scrolls of remove curse {unknown}
 i - 3 scrolls of enchant armour {unknown}
 n - a scroll of immolation {unknown}
 o - 2 scrolls of amnesia {unknown}
Potions
 d - 2 potions of curing {unknown}
 f - a potion of degeneration {unknown}
 h - 3 potions of lignification {unknown}
 j - a potion of might {unknown}
Comestibles
 c - 4 rations


   Skills:
 + Level 2.5 Dodging
 - Level 2.4 Stealth
 + Level 4.4 Spellcasting
 + Level 1.2 Conjurations
 + Level 0.4 Charms
 + Level 4.3 Ice Magic


You had 4 spell levels left.
You knew the following spells:

 Your Spells              Type           Power        Failure   Level  Hunger
a - Freeze                Ice            ###.         1%          1    None
b - Throw Frost           Conj/Ice       ###...       6%          2    #......
c - Ozocubu's Armour      Chrm/Ice       ##......     14%         3    ###....

Your spell library contained the following spells:

 Spells                   Type           Power        Failure   Level  Hunger
 Throw Icicle             Conj/Ice       ###.....     36%         4    ####...
 Summon Ice Beast         Ice/Summ       ##......     45%         4    ####...


Dungeon Overview and Level Annotations

Branches:
Dungeon (3/15)

Altars:
Gozag
Kikubaaqudgha
Vehumet

Annotations:
D:3 1 transporter


Message History

You close the door.
Okay, then.
Your icy armour cracks and falls away as you move.
You open the door.
There is an open door here.
You enter the shallow water.
Moving in this stuff is going to be slow.
The shadow imp gestures at you. Pain shoots through your body!
Ouch! That really hurt!
The shadow imp lashes its tail.
You open the door.
The shadow imp grinds its teeth.
There is an open door here.
You see here a coppery potion.
You close the door.
The orc priest mumbles some strange prayers to Beogh against you.
Beogh smites you!
Ouch! That really hurt!
You die...

....(#....##.....#.#
....(.....##.....#.#
.......##.##.....#.######
.(((...##.#......#.##...#
....................(...#
...###############.##...#
...#8P#....55o#≈8#.#..###
...#P.#≈≈≈≈≈≈≈#.P#...##
...#(.#..≈≈≈..#.@#....#
..©#©.'..≈⌠≈..+!©#©...#
...#..#..P≈≈..#.$#....#
...#P.#≈≈≈≈≈≈≈#.P#....#
...#8P#......5#P8#....#
...###############....#
......................#
......................#
..............#....>..#


You could see an orc priest and 3 shadow imps.

Vanquished Creatures
  3 adders (D:2)
  A dart slug (D:2)
  A leopard gecko (D:1)
  An orc (D:3)
  A ball python (D:2)
  2 giant cockroaches (D:3)
  2 goblins
  3 hobgoblins
  3 jackals (D:1)
  A quokka (D:3)
  4 bats
  4 frilled lizards
  2 kobolds
  2 rats (D:3)
30 creatures vanquished.

Notes
Turn   | Place    | Note
-------+----------+-------------------------------------------
     0 | D:1      | Nixze the Deep Elf Ice Elementalist began the quest for the
                  | Orb.
     0 | D:1      | Reached XP level 1. HP: 10/10 MP: 6/6
   356 | D:1      | You fall through a shaft!
   496 | D:2      | Found an opulent altar of Gozag.
   543 | D:1      | Reached XP level 2. HP: 15/15 MP: 6/8
  1133 | D:2      | Reached XP level 3. HP: 19/19 MP: 7/10
  1271 | D:2      | Learned a level 2 spell: Throw Frost
  1275 | D:2      | Learned a level 3 spell: Ozocubu's Armour
  1490 | D:3      | Found a transporter.
  1515 | D:3      | Found a transporter.
  1836 | D:3      | Found a radiant altar of Vehumet.
  1863 | D:3      | Found an ancient bone altar of Kikubaaqudgha.
  1969 | D:3      | Became a worshipper of Vehumet
  2483 | D:3      | Killed from afar by an orc priest

Skill      XL: |  1  2 |
---------------+-------+-----
Spellcasting   | 4 |  4.4
Ice Magic      | 4 |  4.3
Dodging        | |  2.5
Stealth        | |  2.4
Conjurations   | |  1.2
Charms         | |  0.4

Action                   || total
-------------------------++-------
Melee: Unarmed           ||     1
 Cast: Freeze            ||    36
       Throw Frost       ||    14
       Ozocubu's Armour  ||     2
  Eat: Chunk             ||     3
       Ration            ||     1
Armor: Robe              ||     6
Dodge: Dodged            ||    27
